 Dungeon Sprint DCSS version 0.19-a0-1490-g5dd3618 (webtiles) character file.

437 poirepourri the Covert (level 6, -3/28 HPs)
             Began as a Spriggan Enchanter on Sept 8, 2016.
             Was an Initiate of Dithmenos.
             Slain by a slime creature (20 damage)
             ... in the Dungeon (Sprint I: "Red Sonja").
             The game lasted 00:01:33 (605 turns).

poirepourri the Covert (Spriggan Enchanter)          Turns: 605, Time: 00:01:34

Health: -3/28      AC:  4    Str:  4    XL:     6   Next: 69%
Magic:  17/17      EV: 24    Int: 17    God:    Dithmenos [......]
Gold:   194        SH:  0    Dex: 18    Spells: 2 memorised, 17 levels left

rFire  . . .     SeeInvis +     a - +1 dagger
rCold  . . .     Gourm    .     b - +1 robe
rNeg   . . .     Faith    .     (shield restricted)
rPois  .         Spirit   .     (helmet restricted)
rElec  .         Dismiss  .     k - +0 cloak
rCorr  .         Reflect  .     (gloves unavailable)
MR     +....     Harm     .     (boots unavailable)
Stlth  ++++++.... NoTele   +    (no amulet)
                                (no ring)
                                (no ring)

@: very quick
A: unfitting armour, see invisible, herbivore 3, speed 3, slow metabolism 2
a: Renounce Religion


You were in the Dungeon.
You worshipped Dithmenos.
Dithmenos was noncommittal.
You were not hungry.

You visited 1 branch You collected 297 gold pieces.
You spent 103 gold pieces at shops.

Inventory:

Hand Weapons
 a - a +1 dagger (weapon)
Armour
 b - a +1 robe (worn)
 k - a +0 cloak (worn)
Scrolls
 j - a scroll of blinking
Potions
 e - a potion of curing
 f - 2 potions of heal wounds
 g - a potion of haste
 h - a potion of magic
 i - a potion of brilliance {unknown}
Books
 c - a book of Maledictions

   Spells                             Type                      Level
   a - Corona                         Hexes                        1
   b - Ensorcelled Hibernation        Hexes/Ice                    2
   c - Confuse                        Hexes                        3
   d - Tukima's Dance                 Hexes                        3
   e - Dazzling Spray                 Conjuration/Hexes            3
Comestibles
 d - a bread ration


   Skills:
 + Level 1.1 Short Blades
 + Level 8.1 Dodging
 + Level 12.0 Stealth
 + Level 7.9 Spellcasting
 + Level 11.2 Hexes
 + Level 1.6 Ice Magic


You had 17 spell levels left.
You knew the following spells:

 Your Spells              Type           Power        Failure   Level  Hunger
a - Corona                Hex            #####..      1%          1    None
b - Ensorcelled Hibernat  Hex/Ice        ####..       1%          2    None


Dungeon Overview and Level Annotations

Branches:
Dungeon (1/1)

Altars:
Cheibriados
Dithmenos
Elyvilon
Fedhas
Gozag
Hepliaklqana
Kikubaaqudgha
Makhleb
Nemelex Xobeh
Okawaru
Qazlal
Ru
Sif Muna
Trog
Uskayaw
Vehumet
Xom
Yredelemnul
Zin
The Shining One
Jiyva
Lugonu

Shops:
D [


Innate Abilities, Weirdness & Mutations

You are tiny and cannot use many weapons and most armour.
You have supernaturally acute eyesight. (SInv)
You are a herbivore.
You cover ground extremely quickly.
You need consume almost no food.


Message History

That would be overly suicidal.
Okay, then.
Unknown command.
Casting: Ensorcelled Hibernation
Confirm with . or Enter, or press ? or * to list all spells.
You don't know that spell.
Unknown command.
Unknown command.
Unknown command.
The slime creature hits you!
There is an open door, spattered with blood here.
You hit the slime creature but do no damage.
The slime creature is almost dead.
The slime creature closely misses you.
You hit the slime creature.
The slime creature is almost dead.
The slime creature completely misses you.
Magic courses through your body. The slime creature hits you!!
Ouch! That really hurt!
You die...

###################
#<.#..'..#..'..#__#
#..@J.#..').#..'..+
#..#####'#####'#__#
#..####..#...#[####
#..#__####..##)#
#..#_____##'#..+
#⌠⌠#_.∩..†'..._#
####_..__##_.#'#
#_____###+#.#
####### ###


You could see a slime creature.

Vanquished Creatures
  Sigmund (D)
  A yak (D)
  An ogre (D)
  A jelly (D)
  Ijyb (D)
5 creatures vanquished.

Notes
Turn   | Place    | Note
-------+----------+-------------------------------------------
     0 | D        | poirepourri the Spriggan Enchanter began the quest for the Orb.
     0 | D        | Reached XP level 1. HP: 9/9 MP: 5/5
     3 | D        | Noticed Ijyb
    18 | D        | Killed Ijyb
    18 | D        | Reached skill level 6 in Stealth
    18 | D        | Reached skill level 5 in Hexes
    18 | D        | Reached XP level 2. HP: 2/13 MP: 4/7
   278 | D        | Learned a level 2 spell: Ensorcelled Hibernation
   282 | D        | Noticed an ogre
   289 | D        | Killed an ogre
   289 | D        | Reached skill level 5 in Dodging
   289 | D        | Reached skill level 8 in Stealth
   289 | D        | Reached skill level 5 in Spellcasting
   289 | D        | Reached XP level 3. HP: 16/16 MP: 3/10
   289 | D        | Reached XP level 4. HP: 21/21 MP: 3/12
   371 | D        | Noticed Sigmund
   375 | D        | Killed Sigmund
   375 | D        | Reached skill level 10 in Stealth
   375 | D        | Reached skill level 10 in Hexes
   375 | D        | Reached skill level 1 in Ice Magic
   375 | D        | Reached XP level 5. HP: 24/24 MP: 9/15
   375 | D        | Reached XP level 6. HP: 28/28 MP: 9/16
   481 | D        | Found a deep blue altar of Sif Muna.
   483 | D        | Found a radiant altar of Vehumet.
   489 | D        | Reached skill level 11 in Stealth
   520 | D        | Found Cebam's Antique Armour Emporium.
   520 | D        | Found an ancient bone altar of Kikubaaqudgha.
   520 | D        | Found a hazy altar of Hepliaklqana.
   520 | D        | Found a stormy altar of Qazlal.
   520 | D        | Found a hide-covered altar of Uskayaw.
   520 | D        | Found a blossoming altar of Fedhas.
   520 | D        | Found a bloodstained altar of Trog.
   520 | D        | Found an iron altar of Okawaru.
   520 | D        | Found a basalt altar of Yredelemnul.
   520 | D        | Found a glowing golden altar of the Shining One.
   520 | D        | Found a snail-covered altar of Cheibriados.
   520 | D        | Found a sacrificial altar of Ru.
   520 | D        | Found a glowing silver altar of Zin.
   520 | D        | Found a shadowy altar of Dithmenos.
   520 | D        | Found a white marble altar of Elyvilon.
   520 | D        | Noticed a yak
   521 | D        | Found an opulent altar of Gozag.
   522 | D        | Killed a yak
   522 | D        | Reached skill level 12 in Stealth
   523 | D        | Found a sparkling altar of Nemelex Xobeh.
   547 | D        | Became a worshipper of Dithmenos the Shadowed
   558 | D        | Bought a cloak for 103 gold pieces
   576 | D        | Found a burning altar of Makhleb.
   576 | D        | Found a viscous altar of Jiyva.
   576 | D        | Found a shimmering altar of Xom.
   576 | D        | Found a corrupted altar of Lugonu.
   576 | D        | Noticed a slime creature
   605 | D        | Slain by a slime creature

Vault maps used:
D:        dungeon_sprint_1

Skill      XL: |  1  2  3  4  5  6 |
---------------+-------------------+-----
Dodging        | 4 5 7 8 |  8.1
Stealth        | 6 8 10 12 | 12.0
Spellcasting   | 3 5 6 7 |  7.9
Hexes          | 5 7 10 11 | 11.2
Ice Magic      | 1 |  1.6
Short Blades   | |  1.1

Action                   |  1- 3 |  4- 6 || total
-------------------------+-------+-------++-------
Melee: Dagger            |    13 |     7 ||    20
 Cast: Corona            |     1 |       ||     1
       Ensorcelled Hiber |     1 |     7 ||     8
  Use: Potion            |     1 |     1 ||     2
 Stab: Sleeping          |     1 |     4 ||     5
Armor: Robe              |     1 |       ||     1
Dodge: Dodged            |     3 |     4 ||     7
